 Dungeon Crawl Stone Soup version 0.27.1-4-g1640c2035a (webtiles) character file.

Game seed: 10295094215849185471

186 Stomo444 the Grave Robber (level 5, -7/25 HPs)
             Began as a Vine Stalker Necromancer on Nov 11, 2021.
             Mangled by Duvessa (16 damage)
             ... on level 4 of the Dungeon.
             The game lasted 00:07:58 (4042 turns).

Stomo444 the Grave Robber (VSNe)                    Turns: 4042, Time: 00:07:59

Health: -7/25      AC:  4    Str: 11    XL:     5   Next: 66%
Magic:  0/10       EV: 13    Int: 15    God:
Gold:   155        SH:  0    Dex: 15    Spells: 5/9 levels left

rFire    . . .     SeeInvis .   g - +0 whip
rCold    . . .     Faith    .   (no shield)
rNeg     . . .     Spirit   +   a - +0 robe
rPois    .         Reflect  .   (no helmet)
rElec    .         Harm     .   n - +0 cloak
rCorr    .         Rampage  .   p - +0 pair of gloves
Will     .....                  (no boots)
Stlth    ++........             (no amulet)
HPRegen  1.08/turn              (no ring)
MPRegen  0.12/turn              (no ring)

@: no status effects
A: fangs 2, regeneration 1, magic shield, antimagic bite, no potion heal 2
a: no special abilities


You were on level 4 of the Dungeon.
You visited 1 branch of the dungeon, and saw 4 of its levels.

You collected 155 gold pieces.

Inventory:

Hand Weapons
 d - a +0 short sword
 g - a +0 whip (weapon)
Missiles
 e - 93 stones
Armour
 a - a +0 robe (worn)
 n - a +0 cloak (worn)
 p - a +0 pair of gloves (worn)
Scrolls
 b - 2 scrolls of amnesia
 h - a scroll of noise {unknown}
 i - a scroll of teleportation {unknown}
 m - a scroll of fear {unknown}
 o - a scroll of summoning {unknown}
 q - a scroll of fog {unknown}
Potions
 c - a potion of brilliance {unknown}
 f - a potion of flight {unknown}
 j - 2 potions of heal wounds {unknown}
 k - a potion of ambrosia {unknown}
 l - a potion of haste {unknown}


   Skills:
 - Level 1.4 Fighting
 + Level 2.6 Maces & Flails
 + Level 3.0 Dodging
 - Level 2.4 Stealth
 - Level 2.9 Spellcasting
 - Level 4.0 Necromancy


You had 5 spell levels left.
You knew the following spells:

 Your Spells              Type           Power      Damage    Failure   Level
a - Pain                  Necr           56%        1d6       4%          1
b - Vampiric Draining     Necr           7%         2d7       12%         3

Your spell library contained the following spells:

 Spells                   Type           Power      Damage    Failure   Level
 Animate Skeleton         Necr           28%        N/A       4%          1
 Animate Dead             Necr           7%         N/A       36%         4
 Agony                    Necr           14%        N/A       73%         5


Dungeon Overview and Level Annotations

Branches:
Dungeon (4/15)
 Temple: D:4-7

Altars:
Fedhas
Trog

Shops:
D:1 [

Annotations:
D:4 Duvessa


Innate Abilities, Weirdness & Mutations

You have extremely sharp teeth.
Your natural rate of healing is unusually fast.
When hurt, damage is shared between your health and your magic reserves.
Your bite disrupts and absorbs the magic of your enemies.
Potions cannot restore your health.


Message History

It is a scroll of amnesia.
Really abort (and waste the scroll)? [Y]es or [N]o only, please.
Really abort (and waste the scroll)? [Y]es or [N]o only, please.
Really abort (and waste the scroll)?
Okay, then.
Duvessa hits you with a +0 short sword!
You barely miss Duvessa. You bite Duvessa, but do no damage.
Duvessa barely misses you. Duvessa hits you with a +0 short sword.
Casting: Vampiric Draining (quite dangerous; 12% risk of failure)
Confirm with . or Enter, or press ? or * to list all spells.
The spell is quite dangerous to cast (12% risk of failure)!
Continue anyway? [Y]es or [N]o only, please.
The spell is quite dangerous to cast (12% risk of failure)!
Continue anyway?
Okay, then.
Casting: Vampiric Draining (quite dangerous; 12% risk of failure)
Confirm with . or Enter, or press ? or * to list all spells.
The spell is quite dangerous to cast (12% risk of failure)!
Continue anyway?
Aiming: Vampiric Draining (quite dangerous; 12% risk of failure)
Press: ? - help, Shift-Dir - straight line, f - Duvessa
Aim: Duvessa, wielding a +0 short sword and wearing a +0 ring mail (berserk)
You draw life force from Duvessa.
You feel life coursing into your body. Duvessa hits you with a +0 short sword.
Casting: Vampiric Draining (quite dangerous; 12% risk of failure)
Confirm with . or Enter, or press ? or * to list all spells.
You don't have enough magic to cast this spell.
Unknown command.
You hit Duvessa but do no damage.
Duvessa is lightly wounded.
Duvessa hits you with a +0 short sword. x2
Unknown command.
You hit Duvessa but do no damage. You bite Duvessa, but do no damage.
Duvessa is lightly wounded.
Duvessa hits you with a +0 short sword!
* * * LOW HITPOINT WARNING * * *
Duvessa misses you. Duvessa hits you with a +0 short sword!
Ouch! That really hurt!
You die...

#.....#####...........#
....# #.###.....###
###.#######.###.[...#
...........[........###
............##.........
.....#####..##.........
###e.# #.e###.##.....
#<..#####..# #.e#.....
###.........####@####..
....................#..
.)...#####..####.##.#
.....# #.....#.##[#
.#########.....#..#.#
.รท..................+
.#########.....##...#
.##........####.....#
.##.................#


You could see Duvessa (berserk).

Vanquished Creatures
  Dowan (D:4)
  6 adders
  A dart slug (D:1)
  An orc (D:4)
  6 ball pythons
  4 endoplasms
  A giant cockroach (D:1)
  4 goblins
  4 hobgoblins
  11 jackals
  5 quokkas
  10 bats
  3 frilled lizards
  6 kobolds
  18 rats
81 creatures vanquished.

Notes
Turn   | Place    | Note
-------+----------+-------------------------------------------
     0 | D:1      | Stomo444 the Vine Stalker Necromancer began the quest for
                  | the Orb.
     0 | D:1      | Reached XP level 1. HP: 9/9 MP: 4/4
   532 | D:1      | Reached XP level 2. HP: 10/14 MP: 1/6
   649 | D:1      | Reached skill level 1 in Fighting
  1402 | D:1      | Reached XP level 3. HP: 18/18 MP: 6/8
  1661 | D:1      | Learned a level 3 spell: Vampiric Draining
  1776 | D:1      | Found Ibluem's Antique Armour Emporium.
  1829 | D:1      | You fall into a shaft and drop 1 floor!
  2004 | D:2      | Found a blossoming altar of Fedhas.
  2132 | D:2      | Reached skill level 1 in Maces & Flails
  2139 | D:2      | Gained mutation: Your natural rate of healing is unusually
                  | fast. [Vine Stalker growth]
  2139 | D:2      | Reached XP level 4. HP: 6/22 MP: 0/9
  3126 | D:3      | Reached XP level 5. HP: 25/25 MP: 6/10
  3241 | D:3      | Found a bloodstained altar of Trog.
  3738 | D:4      | Noticed a black bear
  3841 | D:4      | Noticed Dowan
  3844 | D:4      | Noticed Duvessa
  3914 | D:4      | Killed Dowan
  4042 | D:4      | Mangled by Duvessa

Illustrated notes

Levels and vault maps discovered:
D:1:      elethiomel_arrival_quiet, layout_rooms, serial_shops, shop,
          hangedman_decor_growths, minmay_rat_gold_closets
D:2:      layout_rooms, basic_altar
D:3:      layout_loops_ring, lemuel_round_altar
D:4:      layout_basic, mainiacjoe_overflow_brackets, uniq_duvessa

Skill      XL: |  1  2  3  4  5 |
---------------+----------------+-----
Fighting       | 1 |  1.4
Maces & Flails | 1 2 |  2.6
Dodging        | 2 3 |  3.0
Stealth        | |  2.4
Spellcasting   | |  2.9
Necromancy     | |  4.0

Action                   |  1- 3 |  4- 6 || total
-------------------------+-------+-------++-------
Melee: Unarmed           |    17 |       ||    17
       Bite              |    22 |    15 ||    37
       Short sword       |     4 |       ||     4
       Whip              |    47 |    79 ||   126
 Cast: Pain              |    60 |    35 ||    95
       Vampiric Draining |     1 |     5 ||     6
  Use: Scroll            |       |     1 ||     1
 Stab: Sleeping          |       |     1 ||     1
Armor: Robe              |    15 |     5 ||    20
Dodge: Dodged            |    53 |    58 ||   111
